 Dungeon Crawl Stone Soup version 0.29.0-7-g18a832c13a (webtiles) character file.

Game seed: 13436633540907687407

399 themarg the Sneak (level 6, 0/47 HPs)
             Began as a Gnoll Wanderer on Aug 31, 2022.
             Was a Believer of Okawaru.
             Succumbed to a gnoll sergeant's poison
             ... on level 3 of the Dungeon.
             The game lasted 00:16:21 (3927 turns).

themarg the Sneak (Gnoll Wanderer)                  Turns: 3927, Time: 00:16:21

Health: 0/47       AC:  6    Str: 15    XL:     6   Next: 84%
Magic:  18/18      EV: 12    Int: 11    God:    Okawaru [**....]
Gold:   276        SH:  0    Dex: 10    Spells: 9/9 levels left

rFire   . . .      SeeInvis .   b - +0 sling (vorpal)
rCold   . . .      Faith    .   (no shield)
rNeg    + . .      Spirit   .   h - +2 leather armour {Will+}
rPois   .          Reflect  .   (no helmet)
rElec   .          Harm     .   (no cloak)
rCorr   .          Rampage  .   (no gloves)
Will    +....                   j - +0 pair of boots
Stlth   +++.......              (no amulet)
HPRegen 0.15/turn               s - ring of magical power
MPRegen 0.16/turn               y - ring of positive energy

@: lethally poisoned (0 -> -14)
A: fangs 1, strong nose, distributed training
a: Renounce Religion, Heroism


You were on level 3 of the Dungeon.
You worshipped Okawaru.
Okawaru was pleased with you.
You visited 1 branch of the dungeon, and saw 4 of its levels.

You collected 276 gold pieces.

Inventory:

Hand Weapons
 a - a +2 dagger of speed
 b - a +0 vorpal sling (weapon)
Missiles
 p - 6 datura-tipped darts
Armour
 h - a +2 leather armour of willpower (worn)
 j - a +0 pair of boots (worn)
Jewellery
 s - a ring of magical power (left hand)
 y - a ring of positive energy (right hand)
Wands
 t - a wand of polymorph (11)
Scrolls
 e - 3 scrolls of fear
 f - a scroll of butterflies {unknown}
 i - 2 scrolls of amnesia {unknown}
 k - a scroll of immolation {unknown}
 n - a scroll of poison {unknown}
 o - 4 scrolls of noise {unknown}
 q - 4 scrolls of identify {unknown}
 r - 2 scrolls of vulnerability {unknown}
 w - a scroll of teleportation {unknown}
 x - 2 scrolls of magic mapping {unknown}
 A - a scroll of silence {unknown}
Potions
 c - 2 potions of heal wounds
 g - a potion of lignification {unknown}
 l - 4 potions of curing
 m - 2 potions of flight {unknown}
 u - a potion of might {unknown}
 v - a potion of magic {unknown}
 z - a potion of attraction {unknown}
 B - a potion of invisibility
 C - a potion of haste {unknown}
Miscellaneous
 d - a piece from Xom's chessboard (15/15)


   Skills:
 + Level 3.4 Fighting
 + Level 2.2 Short Blades
 + Level 2.2 Long Blades
 + Level 2.2 Axes
 + Level 2.2 Maces & Flails
 + Level 2.2 Polearms
 + Level 2.2 Staves
 + Level 3.4 Ranged Weapons
 + Level 2.2 Throwing
 + Level 2.2 Armour
 + Level 3.4 Dodging
 + Level 6.4 Stealth
 + Level 2.2 Shields
 + Level 2.2 Unarmed Combat
 + Level 2.2 Spellcasting
 + Level 1.8 Conjurations
 + Level 1.8 Hexes
 + Level 1.8 Summonings
 + Level 1.8 Necromancy
 + Level 1.8 Translocations
 + Level 1.8 Transmutations
 + Level 1.8 Fire Magic
 + Level 1.8 Ice Magic
 + Level 1.8 Air Magic
 + Level 1.8 Earth Magic
 + Level 1.8 Poison Magic
 + Level 5.2 Invocations
 + Level 5.1 Evocations


You had 9 spell levels left.
You didn't know any spells.
Your spell library contained the following spells:

 Spells                   Type           Power      Damage    Failure   Level
 Gell's Gravitas          Tloc           5%         N/A       45%         3
 Ignite Poison            Fire/Tmut/Pois 5%         N/A       45%         3
 Mephitic Cloud           Conj/Pois/Air  5%         N/A       45%         3
 Ozocubu's Armour         Ice            5%         N/A       45%         3
 Teleport Other           Tloc           5%         N/A       45%         3
 Freezing Cloud           Conj/Ice/Air   2%         6-21      99%         5
 Dispersal                Tloc           2%         N/A       100%        6
 Ozocubu's Refrigeration  Ice            2%         4d8       100%        7


Dungeon Overview and Level Annotations

Branches:
Dungeon (4/15)
 Temple: D:4-7

Altars:
Elyvilon
Okawaru
Ru
Xom
Zin


Innate Abilities, Weirdness & Mutations

You have very sharp teeth.
Your uncanny sense of smell can sniff out nearby items.
Your experience applies equally to all skills.


Message History

The gnoll is heavily wounded.
You hit the gnoll. You punch the gnoll, but do no damage.
The gnoll is severely wounded.
The gnoll barely misses you.
You barely miss the gnoll.
The gnoll is severely wounded.
The gnoll closely misses you.
You hit the gnoll.
The gnoll is severely wounded.
You barely miss the gnoll.
The gnoll is severely wounded.
The gnoll barely misses you. The gnoll attacks as you move away!
The gnoll closely misses you. The gnoll attacks as you move away!
The gnoll closely misses you.
There is a stone staircase leading up here.
b - a +0 vorpal sling (weapon)
Fire: b) +0 sling (vorpal)
Press: ? - help, Q - select action, (/) - cycle Shift-Dir - straight line, f - gnoll
Aim: a gnoll, wielding a +0 flail (severely wounded, 58% to hit)
You shoot a sling bullet.
The sling bullet hits the gnoll but does no damage.
The gnoll is severely wounded.
The gnoll sergeant hits you from afar with a +0 spear of venom.
You are poisoned.
Fire: b) +0 sling (vorpal)
Press: ? - help, Q - select action, (/) - cycle Shift-Dir - straight line, f/p - gnoll
Aim: a gnoll, wielding a +0 flail (severely wounded, 58% to hit)
You shoot a sling bullet. The sling bullet hits the gnoll.
The gnoll is almost dead.
You feel very sick.
A ball python comes into view.
The gnoll sergeant hits you from afar with a +0 spear of venom.
You are more poisoned.
The gnoll hits you with a +0 flail.
The ball python moves out of view.
You feel very sick.
The gnoll sergeant hits you from afar with a +0 spear of venom.
The gnoll hits you with a +0 flail!
* * * LOW HITPOINT WARNING * * *
You climb upwards.
You die...

.....♣.≈...≈.♣........#.....##
..#..♣.≈._.≈.♣##.............##
###..♣.≈...≈.♣................#
##...+.......+................#
.....♣♣♣♣'♣♣♣♣#...............#
......#...##)#...[............#
.#.##...####.#................#
.#.####.#......#.............##
.#.# #...#.....@.....#.<...##
...####..##.##...g.##..######
................##.###.#
..........####..##P.#..#
............##..#P..#..#
.......#...^....###.#..#
...>......##.#.###.###.#
...)....#.##.#.#.P.PP#<#
..........##...#.P..P#.##


You could see a gnoll.

Vanquished Creatures
  2 ogres
  A hound (D:3)
  3 gnolls
  7 adders
  4 dart slugs
  11 orcs
  12 ball pythons
  4 bats
  7 endoplasms
  3 giant cockroaches
  8 hobgoblins
  3 jackals (D:1)
  10 kobolds
  2 quokkas (D:1)
  3 frilled lizards
  6 goblins
  2 rats
88 creatures vanquished.

Notes
Turn   | Place    | Note
-------+----------+-------------------------------------------
     0 | D:1      | themarg the Gnoll Wanderer began the quest for the Orb.
     0 | D:1      | themarg set off with the following items: a +2 dagger, a
                  | potion of heal wounds, a +0 sling, a piece from Xom's
                  | chessboard (15/15), a scroll of fear, a +0 leather armour.
     0 | D:1      | Reached XP level 1. HP: 17/17 MP: 3/3
   118 | D:1      | You fall into a shaft and drop 1 floor!
   335 | D:1      | Reached XP level 2. HP: 23/23 MP: 5/5
   486 | D:1      | Reached XP level 3. HP: 25/28 MP: 6/6
   685 | D:1      | Reached skill level 6 in Stealth
  1047 | D:2      | Reached skill level 1 in Short Blades
  1047 | D:2      | Reached skill level 1 in Long Blades
  1047 | D:2      | Reached skill level 1 in Axes
  1047 | D:2      | Reached skill level 1 in Maces & Flails
  1047 | D:2      | Reached skill level 1 in Polearms
  1047 | D:2      | Reached skill level 1 in Staves
  1047 | D:2      | Reached skill level 1 in Throwing
  1047 | D:2      | Reached skill level 1 in Armour
  1047 | D:2      | Reached skill level 1 in Shields
  1047 | D:2      | Reached skill level 1 in Unarmed Combat
  1047 | D:2      | Reached skill level 1 in Spellcasting
  1448 | D:2      | Reached XP level 4. HP: 34/34 MP: 7/7
  1490 | D:2      | Found a faded altar of an unknown god.
  1517 | D:2      | Prayed at the altar of an unknown god.
  1517 | D:2      | Became a worshipper of Warmaster Okawaru
  1517 | D:2      | Reached * piety under Okawaru
  1556 | D:2      | Found a glowing silver altar of Zin.
  1630 | D:2      | Reached skill level 1 in Conjurations
  1630 | D:2      | Reached skill level 1 in Hexes
  1630 | D:2      | Reached skill level 1 in Summonings
  1630 | D:2      | Reached skill level 1 in Necromancy
  1630 | D:2      | Reached skill level 1 in Translocations
  1630 | D:2      | Reached skill level 1 in Transmutations
  1630 | D:2      | Reached skill level 1 in Fire Magic
  1630 | D:2      | Reached skill level 1 in Ice Magic
  1630 | D:2      | Reached skill level 1 in Air Magic
  1630 | D:2      | Reached skill level 1 in Earth Magic
  1630 | D:2      | Reached skill level 1 in Poison Magic
  1905 | D:3      | Found a sacrificial altar of Ru.
  2136 | D:3      | Reached XP level 5. HP: 35/40 MP: 8/8
  2202 | D:3      | Found a white marble altar of Elyvilon.
  2440 | D:3      | Found a shimmering altar of Xom.
  2576 | D:4      | Noticed an ogre
  2648 | D:4      | Noticed an ogre
  3149 | D:3      | Killed an ogre
  3149 | D:3      | Reached ** piety under Okawaru
  3150 | D:3      | Reached skill level 5 in Invocations
  3150 | D:3      | Reached XP level 6. HP: 34/47 MP: 9/9
  3324 | D:4      | Reached skill level 5 in Evocations
  3927 | D:3      | Succumbed to a gnoll sergeant's poison

Illustrated notes

Levels and vault maps discovered:
D:1:      minmay_arrival_wavy_path, layout_loops_corners
D:2:      minmay_wonky_spiral, layout_rooms,
          hellmonk_ecumenical_altar_defaced_shrine, basic_altar
D:3:      layout_rooms, mainiacjoe_overflow_boulevard,
          mainiacjoe_overflow_six_doors_small, nicolae_ru_the_path_less_chosen,
          lemuel_old_faithful
D:4:      layout_rooms

Skill      XL: |  1  2  3  4  5  6 |
---------------+-------------------+-----
Stealth        | 6 |  6.4
Short Blades   | 1 2 |  2.2
Long Blades    | 1 2 |  2.2
Axes           | 1 2 |  2.2
Maces & Flails | 1 2 |  2.2
Polearms       | 1 2 |  2.2
Staves         | 1 2 |  2.2
Throwing       | 1 2 |  2.2
Armour         | 1 2 |  2.2
Shields        | 1 2 |  2.2
Unarmed Combat | 1 2 |  2.2
Spellcasting   | 1 2 |  2.2
Conjurations   | 1 |  1.8
Hexes          | 1 |  1.8
Summonings     | 1 |  1.8
Necromancy     | 1 |  1.8
Translocations | 1 |  1.8
Transmutations | 1 |  1.8
Fire Magic     | 1 |  1.8
Ice Magic      | 1 |  1.8
Air Magic      | 1 |  1.8
Earth Magic    | 1 |  1.8
Poison Magic   | 1 |  1.8
Fighting       | 3 |  3.4
Ranged Weapons | 3 |  3.4
Dodging        | 3 |  3.4
Invocations    | 5 |  5.2
Evocations     | 5 |  5.1

Action                   |  1- 3 |  4- 6 || total
-------------------------+-------+-------++-------
Melee: Dagger            |   135 |   240 ||   375
       Bite              |     6 |    12 ||    18
       Punch             |     1 |     4 ||     5
 Fire: Sling             |       |    37 ||    37
Invok: Heroism           |       |     1 ||     1
Evoke: Piece from Xom's  |       |     1 ||     1
 Stab: Sleeping          |     6 |     7 ||    13
Armor: Leather armour    |    42 |    34 ||    76
Dodge: Dodged            |    87 |   111 ||   198
